 Dungeon Crawl Stone Soup version 0.23-a0-373-g305c090 (webtiles) character file.

139 smcx the Bolt Thrower (level 5, -8/45 HPs)
             Began as a Centaur Hunter on Oct 25, 2018.
             Mangled by an ogre
             ... wielding a +0 giant club
              (15 damage)
             ... on level 4 of the Dungeon.
             The game lasted 00:21:03 (2786 turns).

smcx the Bolt Thrower (Centaur Hunter)              Turns: 2786, Time: 00:21:04

Health: -8/45      AC:  4    Str: 20    XL:     5   Next: 1%
Magic:  5/5        EV:  9    Int: 10    God:
Gold:   223        SH:  0    Dex: 10    Spells: 4/4 levels left

rFire    . . .     SeeInvis .   a - +1 hand crossbow
rCold    . . .     Gourm    .   (no shield)
rNeg     . . .     Faith    .   c - +0 leather armour
rPois    .         Spirit   .   (no helmet)
rElec    .         Reflect  .   (no cloak)
rCorr    +         Harm     .   (no gloves)
MR       .....                  (no barding)
Stlth    +.........             (no amulet)
HPRegen  0.15/turn              e - ring of resist corrosion
MPRegen  0.09/turn              t - +5 ring of strength

@: very quick
A: large, hooves 3, deformed body, speed 2, tough skin 3
a: no special abilities


You were on level 4 of the Dungeon.
You were hungry.

You visited 1 branch of the dungeon, and saw 4 of its levels.

You collected 223 gold pieces.

Inventory:

Hand Weapons
 a - a +1 hand crossbow (weapon)
 b - a +0 dagger of venom
Missiles
 k - 40 bolts (quivered)
 p - 46 arrows
Armour
 c - a +0 leather armour (worn)
Jewellery
 e - a ring of resist corrosion (left hand)
 t - a +5 ring of strength (right hand)
Scrolls
 g - a scroll of amnesia {unknown}
 j - a scroll of fog {unknown}
 l - a scroll of identify
 m - 3 scrolls of enchant armour {unknown}
 r - a scroll of magic mapping {unknown}
 s - a scroll of teleportation {unknown}
 u - a scroll of immolation {unknown}
Potions
 h - a potion of berserk rage {unknown}
 q - a potion of mutation {unknown}
Comestibles
 f - 7 rations


   Skills:
 + Level 3.3 Fighting
 + Level 5.3 Crossbows
 + Level 1.8 Armour
 - Level 1.5 Dodging
 - Level 0.6 Stealth


You had 4 spell levels left.
You didn't know any spells.
Your spell library was empty.

Dungeon Overview and Level Annotations

Branches:
Dungeon (4/15)
 Temple: D:4-7

Altars:

Shops:
D:4 %


Innate Abilities, Weirdness & Mutations

You have hooves in place of feet.
Armour fits poorly on your strangely shaped body.
You cover ground very quickly.
You have extremely tough skin. (AC +3)


Message History

You open the door.
An orc skeleton comes into view.
The ogre hits you with a +0 giant club.
You open the door.
A human skeleton comes into view.
The human skeleton hits you but does no damage.
You open the door.
An orc skeleton comes into view.
The ogre hits you with a +0 giant club!
* * * LOW HITPOINT WARNING * * *
The human skeleton closely misses you.
Firing (i - inventory)
k - 41 bolts (quivered)
Press: ? - help, Shift-Dir - straight line, f - orc skeleton
Aim: an orc skeleton You shoot a bolt.
The bolt hits the orc skeleton.
The orc skeleton is almost destroyed.
The orc skeleton hits you.
* * * LOW HITPOINT WARNING * * *
The ogre hits you with a +0 giant club!
You die...

#. #.# #.# #.# #######
#.# #.(.(.#
#.#####.###O#+#
######.O.....# +...+
........########.Z.###
##...........#.Z@O.'.#
#.###..###.####Z#+#+#
#.# #..... +.#
#O###..###.# ###
#.......# ###.###.#
#.# .# #.# .# ####.#


You could see 2 ogres, 2 orc skeletons and a human skeleton.

Vanquished Creatures
  4 adders
  An ooze (D:1)
  5 worms
  A leopard gecko (D:3)
  3 orcs (D:3)
  2 ball pythons
  3 bats
  8 giant cockroaches
  10 goblins
  12 hobgoblins
  7 jackals (D:2)
  7 kobolds
  A quokka (D:3)
  3 frilled lizards (D:1)
  An orc zombie (D:4)
  4 rats (D:1)
72 creatures vanquished.

Notes
Turn   | Place    | Note
-------+----------+-------------------------------------------
     0 | D:1      | smcx the Centaur Hunter began the quest for the Orb.
     0 | D:1      | Reached XP level 1. HP: 17/17 MP: 1/1
   125 | D:1      | Reached XP level 2. HP: 24/24 MP: 2/2
   390 | D:1      | Reached XP level 3. HP: 30/30 MP: 3/3
   955 | D:2      | Reached skill level 1 in Armour
  1226 | D:2      | Reached skill level 5 in Crossbows
  1490 | D:2      | Reached XP level 4. HP: 37/37 MP: 4/4
  2435 | D:3      | Reached XP level 5. HP: 45/45 MP: 5/5
  2608 | D:4      | Noticed a phantom
  2630 | D:4      | Found Gaonn's Food Emporium.
  2638 | D:4      | Noticed a phantom
  2644 | D:4      | Noticed an ogre
  2717 | D:4      | Noticed an ogre
  2751 | D:4      | Noticed an ogre
  2786 | D:4      | Mangled by an ogre

Vault maps used:
D:1:      lightli_arrival_quake
D:2:      first_ration
D:4:      serial_shops, shop_statue, nicolae_ossuary_entry_catacombs,
          minmay_vboxes, uniq_robin

Skill      XL: |  1  2  3  4 |
---------------+-------------+-----
Armour         | 1 |  1.8
Crossbows      | 5 |  5.3
Fighting       | 3 |  3.3
Dodging        | |  1.5
Stealth        | |  0.6

Action                   |  1- 3 |  4- 6 || total
-------------------------+-------+-------++-------
Melee: Hand crossbow     |     1 |       ||     1
       Dagger            |     6 |     2 ||     8
       Kick              |     3 |       ||     3
 Fire: Hand crossbow     |   105 |    68 ||   173
  Use: Scroll            |       |     2 ||     2
  Eat: Chunk             |     1 |     2 ||     3
Armor: Leather armour    |    10 |     7 ||    17
Dodge: Dodged            |    12 |     3 ||    15

Table legend:
 A = Non-vault XP
 B = Vault XP
 C = Vault XP percentage of total XP
 D = Non-vault monster count
 E = Vault monster count
 F = Vault count percentage of total count
                 A         B        C        D         E       F
            +---------+---------+-------+---------+---------+-------
      Total |     198 |       1 |   0.5 |      71 |       1 |   1.4
            +---------+---------+-------+---------+---------+-------
        D:1 |      52 |       0 |   0.0 |      29 |       0 |   0.0
        D:2 |      59 |       0 |   0.0 |      17 |       0 |   0.0
        D:3 |      87 |       0 |   0.0 |      25 |       0 |   0.0
        D:4 |       0 |       1 | 100.0 |       0 |       1 | 100.0
            +---------+---------+-------+---------+---------+-------
